 Dungeon Crawl Stone Soup version 0.25.1-2-g60ff931df9 (webtiles) character file.

Game seed: 15378066413314285354

4246 gruber the Magician (level 10, -25/77 HPs)
             Began as a Gnoll Skald on Oct 15, 2020.
             Was an Initiate of Gozag.
             Annihilated by Gastronok (29 damage)
             ... on level 8 of the Dungeon.
             The game lasted 00:09:30 (10298 turns).

gruber the Magician (Gnoll Skald)                  Turns: 10298, Time: 00:09:32

Health: -25/77     AC: 13    Str: 13    XL:     10   Next: 30%
Magic:  0/20       EV: 13    Int: 19    God:    Gozag
Gold:   1087       SH:  5    Dex: 15    Spells: 15/23 levels left

rFire    + . .     SeeInvis .   p - +1 dagger (elec)
rCold    + . .     Gourm    .   q - +0 buckler
rNeg     . . .     Faith    .   s - +2 scale mail {rC+}
rPois    .         Spirit   .   (no helmet)
rElec    .         Reflect  .   (no cloak)
rCorr    .         Harm     .   (no gloves)
MR       .....                  (no boots)
Stlth    ++........             (no amulet)
HPRegen  0.22/turn              f - ring of protection from fire
MPRegen  0.17/turn              y - +4 ring of protection

@: infused (expiring)
A: distributed training, fangs 1, strong nose
a: Potion Petition, Call Merchant, Bribe Branch, Renounce Religion


You were on level 8 of the Dungeon.
You worshipped Gozag.
Gozag was most pleased with you.
You were not hungry.

You visited 2 branches of the dungeon, and saw 9 of its levels.
You also visited: Sewer.

You collected 1156 gold pieces.
You paid 69 gold pieces to Gozag.

Inventory:

Hand Weapons
 a - a +0 spear
 p - a +1 dagger of electrocution (weapon)
Armour
 b - a +0 leather armour
 q - a +0 buckler (worn)
 s - a +2 scale mail of cold resistance (worn)
Jewellery
 f - a ring of protection from fire (left hand)
 r - an uncursed ring of positive energy
 u - an uncursed ring of resist corrosion
 y - a +4 ring of protection (right hand)
Wands
 A - a wand of digging (3)
Scrolls
 c - 2 scrolls of fog {unknown}
 g - 2 scrolls of amnesia {unknown}
 h - 14 scrolls of identify {unknown}
 i - 6 scrolls of remove curse {unknown}
 j - 4 scrolls of enchant weapon {unknown}
 k - 5 scrolls of teleportation {unknown}
 l - 2 scrolls of blinking {unknown}
 m - 2 scrolls of fear {unknown}
 o - 2 scrolls of magic mapping {unknown}
 v - a scroll of noise {unknown}
 x - a scroll of immolation {unknown}
 D - a scroll of enchant armour {unknown}
Potions
 e - 2 potions of mutation {unknown}
 n - 3 potions of curing
 t - a potion of brilliance {unknown}
 w - 2 potions of ambrosia {unknown}
 z - a potion of might {unknown}
 B - a potion of stabbing {unknown}
 C - a potion of haste {unknown}
Comestibles
 d - 11 rations


   Skills:
 + Level 6.9 Fighting
 + Level 5.0 Short Blades
 + Level 5.0 Long Blades
 + Level 5.0 Axes
 + Level 5.0 Maces & Flails
 + Level 6.9 Polearms
 + Level 5.0 Staves
 + Level 5.0 Slings
 + Level 5.0 Bows
 + Level 5.0 Crossbows
 + Level 5.0 Throwing
 + Level 5.7 Armour
 + Level 6.9 Dodging
 + Level 5.0 Stealth
 + Level 5.0 Shields
 + Level 5.0 Unarmed Combat
 + Level 7.2 Spellcasting
 + Level 4.2 Conjurations
 + Level 4.2 Hexes
 + Level 7.0 Charms
 + Level 4.2 Summonings
 + Level 4.2 Necromancy
 + Level 4.2 Translocations
 + Level 4.2 Transmutations
 + Level 4.2 Fire Magic
 + Level 4.2 Ice Magic
 + Level 4.2 Air Magic
 + Level 4.2 Earth Magic
 + Level 4.2 Poison Magic
 + Level 5.5 Invocations
 + Level 5.0 Evocations


You had 15 spell levels left.
You knew the following spells:

 Your Spells              Type           Power        Failure   Level  Hunger
a - Infusion              Chrm           ####         2%          1    None
b - Song of Slaying       Chrm           ####....     3%          2    None
c - Shroud of Golubria    Chrm/Tloc      ####..       6%          2    None
d - Spectral Weapon       Hex/Chrm       ####....     12%         3    #......

Your spell library contained the following spells:

 Spells                   Type           Power        Failure   Level  Hunger
 Ozocubu's Armour         Chrm/Ice       ####....     12%         3    #......


Dungeon Overview and Level Annotations

Branches:
Dungeon (8/15)             Temple (1/1) D:4           Sewer (visited)
   Lair: D:8-11

Altars:
Ashenzari
Cheibriados
Dithmenos
Elyvilon
Fedhas
Gozag
Hepliaklqana
Kikubaaqudgha
Makhleb
Nemelex Xobeh
Okawaru
Qazlal
Ru
Sif Muna
Trog
Uskayaw
Vehumet
Wu Jian
Xom
Yredelemnul
Zin
The Shining One

Shops:
D:6 }

Annotations:
D:8 Gastronok


Innate Abilities, Weirdness & Mutations

Your experience applies equally to all skills.
You have very sharp teeth.
Your uncanny sense of smell can sniff out nearby items.


Message History

Gastronok is severely wounded.
You puncture Gastronok! Lightning courses through Gastronok!
You bite Gastronok.
Gastronok is almost dead.
Your song has ended.
You hit Gastronok but do no damage.
Gastronok is almost dead.
Gastronok bites you!!
* * * LOW HITPOINT WARNING * * *
You hit Gastronok but do no damage.
Gastronok is almost dead.
You feel sick.
You are no longer poisoned.
You hit Gastronok but do no damage. Lightning courses through Gastronok!
You bite Gastronok.
Gastronok is almost dead.
Your magical infusion is running out.
Gastronok bites you!!
You die...
Your body crumbles into a pile of gold.

#### ############
....
#..........#######.
####
........$.$........
#.. #.#.# #..$$......
#.#
#.#.########$$######.
#.#.##......$.....#
#.#.##.#####..###..#
#......# #.@# ..
#...#### #.w# #...#
#... #...# #..##
#...########..#
#.............. #
#.#.########...
#..###.## #.<# #.#
##.#


You could see Gastronok (swift).

Vanquished Creatures
  A two-headed ogre (D:8)
  A hippogriff (D:7)
  A water moccasin (D:7)
  Duvessa (D:7)
  3 sky beasts
  An eye of draining (D:8)
  2 black bears
  2 phantoms
  4 ogres
  A crocodile (Sewer)
  A bullfrog (D:7)
  Dowan (D:7)
  2 scorpions
  6 killer bees (D:8)
  5 wights
  4 crimson imps
  4 howler monkeys
  A centaur zombie (D:7)
  2 hounds
  A jelly (D:7)
  4 orc priests
  9 orc wizards
  2 centaur skeletons
  An iguana (D:7)
  3 worker ants
  A hound skeleton (D:7)
  3 worker ant zombies
  11 gnolls
  10 adders
  An ooze (D:7)
  An adder zombie (D:4)
  2 adder skeletons
  A dart slug (D:1)
  4 worms
  2 leopard geckos
  29 orcs
  8 giant cockroaches
  7 goblins
  11 hobgoblins
  12 jackals
  3 quokkas
  2 ball pythons
  12 bats
  11 frilled lizards
  11 kobolds
  2 leopard gecko skeletons
  11 rats
  2 plants (D:2)
220 creatures vanquished.

Vanquished Creatures (others)
  A spectral weapon (D:8)
1 creature vanquished.

Grand Total: 221 creatures vanquished

Notes
Turn   | Place    | Note
-------+----------+-------------------------------------------
     0 | D:1      | gruber the Gnoll Skald began the quest for the Orb.
     0 | D:1      | Reached XP level 1. HP: 20/20 MP: 6/6
    75 | D:1      | Reached XP level 2. HP: 26/26 MP: 0/7
   167 | D:1      | Learned a level 2 spell: Song of Slaying
   170 | D:1      | Learned a level 2 spell: Shroud of Golubria
   616 | D:1      | Reached XP level 3. HP: 31/31 MP: 9/9
   699 | D:1      | Reached skill level 5 in Spellcasting
  1427 | D:2      | Reached skill level 1 in Invocations
  1711 | D:2      | Reached skill level 1 in Short Blades
  1711 | D:2      | Reached skill level 1 in Long Blades
  1711 | D:2      | Reached skill level 1 in Axes
  1711 | D:2      | Reached skill level 1 in Maces & Flails
  1711 | D:2      | Reached skill level 1 in Staves
  1711 | D:2      | Reached skill level 1 in Slings
  1711 | D:2      | Reached skill level 1 in Bows
  1711 | D:2      | Reached skill level 1 in Crossbows
  1711 | D:2      | Reached skill level 1 in Throwing
  1711 | D:2      | Reached skill level 1 in Stealth
  1711 | D:2      | Reached skill level 1 in Shields
  1711 | D:2      | Reached skill level 1 in Unarmed Combat
  1711 | D:2      | Reached skill level 1 in Evocations
  1711 | D:2      | Reached XP level 4. HP: 3/38 MP: 11/11
  1713 | D:2      | HP: 2/57 [poisoned by an adder]
  2286 | D:2      | Reached skill level 1 in Conjurations
  2286 | D:2      | Reached skill level 1 in Hexes
  2286 | D:2      | Reached skill level 1 in Summonings
  2286 | D:2      | Reached skill level 1 in Necromancy
  2286 | D:2      | Reached skill level 1 in Translocations
  2286 | D:2      | Reached skill level 1 in Transmutations
  2286 | D:2      | Reached skill level 1 in Fire Magic
  2286 | D:2      | Reached skill level 1 in Ice Magic
  2286 | D:2      | Reached skill level 1 in Air Magic
  2286 | D:2      | Reached skill level 1 in Earth Magic
  2286 | D:2      | Reached skill level 1 in Poison Magic
  2538 | D:2      | Reached XP level 5. HP: 42/43 MP: 12/12
  3049 | D:3      | Learned a level 3 spell: Spectral Weapon
  3879 | D:4      | Reached XP level 6. HP: 16/50 MP: 8/13
  4210 | D:4      | Reached skill level 5 in Fighting
  4210 | D:4      | Reached skill level 5 in Polearms
  4210 | D:4      | Reached skill level 5 in Dodging
  4325 | D:4      | Found a staircase to the Ecumenical Temple.
  4348 | Temple   | Entered the Ecumenical Temple
  4521 | Temple   | Became a worshipper of Gozag Ym Sagoz the Greedy
  4713 | D:4      | Reached XP level 7. HP: 47/56 MP: 10/15
  5310 | D:5      | Entered Level 5 of the Dungeon
  5845 | D:5      | Reached XP level 8. HP: 63/63 MP: 12/16
  6351 | D:5      | Found a shimmering blue altar of Sif Muna.
  6567 | D:6      | Found Ykiofia's Gadget Emporium.
  7082 | D:6      | Found a glowing drain.
  7102 | Sewer    | Entered a sewer
  7863 | D:7      | Noticed Duvessa
  7863 | D:7      | Noticed Dowan
  7869 | D:7      | Reached XP level 9. HP: 56/69 MP: 12/18
  7875 | D:7      | Killed Duvessa
  7877 | D:7      | Killed Dowan
  8304 | D:7      | Found a sparkling altar of Nemelex Xobeh.
  8688 | D:7      | Reached skill level 5 in Armour
  8986 | D:7      | Found a sparkling altar of Nemelex Xobeh.
  9389 | D:7      | Reached skill level 5 in Invocations
  9617 | D:8      | Noticed a two-headed ogre
  9635 | D:8      | Killed a two-headed ogre
  9635 | D:8      | Reached XP level 10. HP: 26/77 MP: 15/20
 10103 | D:8      | Reached skill level 5 in Short Blades
 10103 | D:8      | Reached skill level 5 in Long Blades
 10103 | D:8      | Reached skill level 5 in Axes
 10103 | D:8      | Reached skill level 5 in Maces & Flails
 10103 | D:8      | Reached skill level 5 in Staves
 10103 | D:8      | Reached skill level 5 in Slings
 10103 | D:8      | Reached skill level 5 in Bows
 10103 | D:8      | Reached skill level 5 in Crossbows
 10103 | D:8      | Reached skill level 5 in Throwing
 10103 | D:8      | Reached skill level 5 in Stealth
 10103 | D:8      | Reached skill level 5 in Shields
 10103 | D:8      | Reached skill level 5 in Unarmed Combat
 10103 | D:8      | Reached skill level 5 in Evocations
 10268 | D:8      | Noticed Gastronok
 10298 | D:8      | Annihilated by Gastronok

Illustrated notes

Levels and vault maps discovered:
D:1:      minmay_arrival_stone_box, layout_basic
D:2:      layout_basic, serial_bayou_lagoon_a
D:3:      layout_rooms, serial_bayou_lake_a
D:4:      layout_basic, minmay_temple_entry_nine_rooms, first_ration,
          nrook_mini_vaults
D:5:      layout_loops_ring, led_sif_book
D:6:      layout_basic, serial_shops, nicolae_shop_statue_plus,
          cheibrodos_sewer_entry_sluice, grunt_decor_cap
D:7:      layout_basic, nemelex_altar_shiori, nemelex_diamond_rough_becter,
          uniq_duvessa
D:8:      layout_loops_ring, minmay_microvault, uniq_gastronok
Temple:   minmay_crystal_snake_temple

Skill      XL: |  1  2  3  4  5  6  7  8  9 10 |
---------------+-------------------------------+-----
Spellcasting   | 5 6 7 |  7.2
Invocations    | 1 2 3 4 5 |  5.5
Short Blades   | 1 2 3 4 5 |  5.0
Long Blades    | 1 2 3 4 5 |  5.0
Axes           | 1 2 3 4 5 |  5.0
Maces & Flails | 1 2 3 4 5 |  5.0
Staves         | 1 2 3 4 5 |  5.0
Slings         | 1 2 3 4 5 |  5.0
Bows           | 1 2 3 4 5 |  5.0
Crossbows      | 1 2 3 4 5 |  5.0
Throwing       | 1 2 3 4 5 |  5.0
Stealth        | 1 2 3 4 5 |  5.0
Shields        | 1 2 3 4 5 |  5.0
Unarmed Combat | 1 2 3 4 5 |  5.0
Evocations     | 1 2 3 4 5 |  5.0
Conjurations   | 1 2 3 4 |  4.2
Hexes          | 1 2 3 4 |  4.2
Summonings     | 1 2 3 4 |  4.2
Necromancy     | 1 2 3 4 |  4.2
Translocations | 1 2 3 4 |  4.2
Transmutations | 1 2 3 4 |  4.2
Fire Magic     | 1 2 3 4 |  4.2
Ice Magic      | 1 2 3 4 |  4.2
Air Magic      | 1 2 3 4 |  4.2
Earth Magic    | 1 2 3 4 |  4.2
Poison Magic   | 1 2 3 4 |  4.2
Armour         | 3 4 5 |  5.7
Fighting       | 5 6 |  6.9
Polearms       | 5 6 |  6.9
Dodging        | 5 6 |  6.9
Charms         | 6 7 |  7.0

Action                   |  1- 3 |  4- 6 |  7- 9 | 10-12 || total
-------------------------+-------+-------+-------+-------++-------
Melee: Spear             |   171 |    16 |    17 |       ||   204
       Bite              |     9 |    34 |    51 |    16 ||   110
       Dagger            |       |   249 |   483 |    94 ||   826
 Cast: Infusion          |     4 |     3 |     1 |     1 ||     9
       Song of Slaying   |       |     1 |     5 |     1 ||     7
       Spectral Weapon   |       |     2 |    16 |     2 ||    20
       Shroud of Golubri |       |     1 |     1 |     1 ||     3
  Use: Potion            |       |     3 |       |       ||     3
 Stab: Sleeping          |     4 |       |       |       ||     4
       Distracted        |       |     1 |     2 |     1 ||     4
  Eat: Chunk             |     3 |     9 |       |       ||    12
       Ration            |       |       |     5 |     1 ||     6
Armor: Leather armour    |    24 |    11 |       |       ||    35
       Scale mail        |       |    77 |   157 |    19 ||   253
Dodge: Dodged            |    93 |   150 |   201 |    26 ||   470
Block: Buckler           |     5 |    45 |    92 |    11 ||   153
